AoeStats
← Xtreme | ticohzao

African Clearing

505106047Analyzed
4v4 RM · 25d ago on Sep 7, 2026· 22m 45s· 8 players
Game mode
Random Map
Map size
Large (8 player)
Population
200
Speed
Normal
Resources
Standard
Victory
Conquest
Starting age
Dark Age
Ending age
Imperial Age
RankedLock teamsTeams togetherTeam positionsShared explorationLock speedFull tech treeHidden civsTurbo modeCheats
Victory
Defeat
🇧🇷 Spanish · Brazil
1426
+14
🇧🇷 Persians · Brazil
1425
+14
🇨🇱 Hindustanis · Chile
1389
+15
🇧🇷 Vietnamese · Brazil
1377
+17
🇪🇸 Japanese · Spain
1387
-15
🇬🇧 Portuguese · United Kingdom
1386
-15
🇭🇰 Berbers · Hong Kong SAR China
1373
-15
🇷🇺 Magyars · Russia
1372
-15
oldxavier
8:02 Loom
10:59 Loom
12:45 Feudal Age
11:06 Loom
12:51 Feudal Age
17:24 Castle Age
15:26 Double-Bit Axe
19:29 Horse Collar
What's your ETA?
8:13 Loom
13:50 Feudal Age
18:09 Castle Age
16:54 Double-Bit Axe
17:02 Stone Mining
hcenemod
5:15 Loom
12:32 Feudal Age
13:55 Double-Bit Axe
21:26 Castle Age
21:06 Fishing Lines
laughing_parrot
9:54 Loom
12:58 Feudal Age
16:48 Castle Age
17:21 Double-Bit Axe
Hakka1_90
6:04 Loom
13:33 Feudal Age
14:33 Double-Bit Axe
17:14 Castle Age
15:34 Gold Mining
15:30 Horse Collar
17:58 Padded Archer Armor
18:11 Bow Saw
[TrEta] D.Quixote
3:14 Loom
12:37 Feudal Age
14:02 Double-Bit Axe
13:59 Horse Collar
15:15 Town Watch
18:15 Forging
24:48 Castle Age
23:08 Gold Mining
Xtreme | ticohzao
3:20 Loom
13:07 Feudal Age
18:40 Castle Age
LaPosta
4:05 Loom
12:11 Feudal Age
16:20 Castle Age
14:56 Double-Bit Axe
15:11 Stone Mining
15:59 Town Watch
20:38 Fletching
Connection lost

Rejoining the realm…

Still unreachable

The connection could not be restored.

Session expired

The server has moved on; the page needs a fresh start.